 Dungeon Crawl Stone Soup version 0.31-a0-1626-g5cb510d322 (webtiles) character file.

Game seed: 3024550807774333791

18 mdonais the Trooper (level 2, -1/31 HPs)
             Began as an Oni Warper on Jan 13, 2024.
             Slain by a goblin
             ... wielding a +0 club
              (3 damage)
             ... on level 2 of the Dungeon.
             The game lasted 00:01:42 (391 turns).

mdonais the Trooper (Oni Warper)                     Turns: 391, Time: 00:01:42

Health: -1/31      AC:  3    Str: 14    XL:     2   Next: 70%
Magic:  5/5        EV:  9    Int: 14    God:
Gold:   34         SH:  0    Dex:  8    Spells: 5/5 levels left

rFire   . . .        a - +0 mace
rCold   . . .        (no shield)
rNeg    . . .        b - +0 robe
rPois   .            (helmet restricted)
rElec   .            (no cloak)
rCorr   .            (gloves unavailable)
SInv    .            (boots unavailable)
Will    .....        (no amulet)
Stlth   +            (no ring)
HPRegen 0.25/turn    (no ring)
MPRegen 0.09/turn

%: no passive effects
@: no status effects
A: large, unfitting armour, horns 1, tough skin 1, double potion healing,
drunken brawling
a: no special abilities


You were on level 2 of the Dungeon.
You visited 1 branch of the dungeon, and saw 2 of its levels.

You collected 34 gold pieces.

Inventory:

Hand Weapons
 a - a +0 mace (weapon)
 d - a +0 dagger
   (You took it off a goblin on level 1 of the Dungeon)
 f - a +0 dagger
   (You took it off a kobold on level 1 of the Dungeon)
Missiles
 e - 8 stones
 K - 6 darts of dispersal (quivered)
Armour
 b - a +0 robe (worn)
Scrolls
 c - a scroll of identify {unknown}
 B - a scroll of blinking


   Skills:
 + Level 3.5 Fighting
 + Level 2.6 Maces & Flails
 - Level 1.0 Throwing
 - Level 2.1 Dodging
 - Level 2.4 Spellcasting
 - Level 2.6 Translocations


You had 5 spell levels left.
You didn't know any spells.
Your spell library contained the following spells:

 Spells                   Type           Power      Damage    Failure   Level
 Blink                    Tloc           18%        N/A       12%         2
 Lesser Beckoning         Tloc           18%        N/A       12%         2
 Teleport Other           Tloc           9%         N/A       22%         3
 Manifold Assault         Tloc           9%         N/A       58%         4
 Vhi's Electric Charge    Tloc/Air       10%        N/A       78%         4


Dungeon Overview and Level Annotations

Branches:
Dungeon (1/15) Zot: 11593

Altars:

Annotations:
D:2 Natasha


Innate Abilities, Weirdness & Mutations

You are too large for most types of armour.
You have a pair of small horns on your head.
You have tough skin. (AC +1)
You gain doubled healing and magic from potions.
Whenever you drink a healing potion, you attack all around you.


Message History

You take 1 damage, and have 29/31 hp.
You hit the kobold. Your headbutt misses the kobold.
The kobold is heavily wounded.
The kobold barely misses you. The kobold hits you with a +0 club.
You take 1 damage, and have 28/31 hp.
You hit the kobold but do no damage. You punch the kobold, but do no damage.
The kobold is heavily wounded.
The kobold completely misses you.
You closely miss the kobold. Your headbutt misses the kobold.
The kobold is heavily wounded.
The kobold hits you with a +0 club.
You take 1 damage, and have 28/31 hp.
You hit the kobold but do no damage.
The kobold is heavily wounded.
The kobold barely misses you. The kobold hits you with a +0 club.
You take 2 damage, and have 26/31 hp.
You hit the kobold but do no damage. Your headbutt misses the kobold.
A frilled lizard comes into view.
The kobold hits you with a +0 club.
You take 2 damage, and have 24/31 hp.
You closely miss the kobold.
The frilled lizard hisses angrily.
The kobold hits you but does no damage.
You barely miss the kobold. Your headbutt misses the kobold.
The kobold hits you with a +0 club.
You take 1 damage, and have 24/31 hp.
You hit the kobold.
The kobold is heavily wounded.
The kobold closely misses you. The kobold hits you but does no damage.
You closely miss the kobold.
The kobold is heavily wounded.
The kobold hits you but does no damage.
You hit the kobold but do no damage. Your headbutt misses the kobold.
The kobold is heavily wounded.
The kobold barely misses you.
You closely miss the kobold. You headbutt the kobold.
You kill the kobold!
The jackal misses you.
You closely miss the jackal. The jackal misses you.
You hit the jackal. You headbutt the jackal.
The jackal is heavily wounded.
The jackal closely misses you.
You closely miss the jackal. Your headbutt misses the jackal.
The jackal is heavily wounded.
The jackal bites you.
You take 3 damage, and have 23/31 hp.
You hit the jackal.
You kill the jackal!
You hit the quokka. Your headbutt misses the quokka.
The quokka is almost dead.
The quokka bites you. The quokka closely misses you.
You take 1 damage, and have 23/31 hp.
You hit the quokka but do no damage.
The quokka is almost dead.
The quokka barely misses you.
You hit the quokka.
You kill the quokka!
You hit the jackal. Your headbutt misses the jackal.
The jackal is moderately wounded.
The jackal barely misses you. The jackal closely misses you.
You hit the jackal.
You kill the jackal!
The frilled lizard bites you.
You take 2 damage, and have 22/31 hp.
You thump the frilled lizard!
You kill the frilled lizard!
No target in view!
No target in view!
No target in view!
No target in view!
No target in view!
No target in view!
No target in view!
No target in view!
No target in view!
No target in view!
No target in view!
No target in view!
No target in view!
No target in view!
No target in view!
No target in view!
No target in view!
No target in view!
You start resting.
A hobgoblin is nearby!
You regained 3 hp, and now have 26/31 hp.
Items here: ( ) †††.
You start resting.
HP restored.
Health restored: 31
Okay, then.
e - 4 stones Search for what [? for help]? .
e - 8 stones (gained 4)
Things that are here:
a +0 dagger; a kobold corpse
f - a +0 dagger You open the door.
There is an open door here.
You open the door.
There is an open door here.
There is an open door here.
You now have 34 gold pieces (gained 7).
A malevolent force fills the Dungeon...
You fall into a shaft and drop 1 floor!
The shaft crumbles and collapses.
Found a green potion.
Found a stone staircase leading up.
Natasha, Servant of Life and Death comes into view.
Found a purple potion.
Natasha hisses angrily.
Found a cloak.
Natasha claws you!
A goblin comes into view. It is wielding a +0 club.
The goblin shouts!
You take 8 damage, and have 23/31 hp.
MASSIVE DAMAGE!!
You barely miss Natasha. Natasha barely misses you.
You closely miss Natasha. Natasha claws you but does no damage.
The goblin hits you with a +0 club. Natasha claws you.
You take 7 damage, and have 17/31 hp.
MASSIVE DAMAGE!!
You closely miss Natasha. The goblin closely misses you.
Natasha casts a spell.
You hit Natasha.
Natasha is moderately wounded.
The goblin hits you with a +0 club. Natasha barely misses you.
The cerulean imp hits you from afar with a +2 spear.
The goblin closely misses you.
You take 4 damage, and have 13/31 hp.
You are too injured to fight recklessly!
You barely miss Natasha. You headbutt Natasha.
Natasha is heavily wounded.
Natasha wildly gestures.
You feel disoriented. Natasha completely misses you.
The cerulean imp barely misses you. The goblin hits you with a +0 club.
You take 3 damage, and have 10/31 hp.
You barely miss Natasha.
Natasha is heavily wounded.
Natasha claws you.
* * * LOW HITPOINT WARNING * * *
The cerulean imp hits you but does no damage.
The goblin barely misses you.
Natasha mumbles some strange words.
You take 5 damage, and have 5/31 hp.
You hit Natasha but do no damage. Your headbutt misses Natasha.
Natasha is heavily wounded.
The cerulean imp hits you from afar with a +2 spear.
* * * LOW HITPOINT WARNING * * *
The goblin hits you with a +0 club.
You die...

#. .# .. #.#.# .#
. #.#.# .#.# ..
#.#.# .#. ..
..... .. #.
#.#.##5# #.
#.#..#.#
#.###.#..@h#
#........#g#
#........#.5.
#.......##.....
#.###....!....!..
#. #######.[....
#. ...... ..
#..... ##


You could see Natasha, 2 cerulean imps and a goblin.

Vanquished Creatures
  A dart slug (D:1)
  A bat (D:1)
  A giant cockroach (D:1)
  A goblin (D:1)
  A hobgoblin (D:1)
  2 jackals (D:1)
  2 kobolds (D:1)
  A quokka (D:1)
  3 frilled lizards (D:1)
  2 rats (D:1)
15 creatures vanquished.

Notes
Turn   | Place    | Note
-------+----------+-------------------------------------------
     0 | D:1      | mdonais the Oni Warper began the quest for the Orb.
     0 | D:1      | Reached XP level 1. HP: 22/22 MP: 3/3
   136 | D:1      | Reached skill level 3 in Fighting
   146 | D:1      | Reached XP level 2. HP: 21/31 MP: 5/5
   376 | D:1      | You fall into a shaft and drop 1 floor!
   382 | D:2      | Noticed Natasha
   391 | D:2      | Slain by a goblin

Illustrated notes

Levels and vault maps discovered:
D:1:      scummos_arrival_simple_crosswalls, layout_basic,
          shapermc_ecumenical_altar_hornbeckon
D:2:      layout_basic, uniq_natasha

Skill      XL: |  1 |
---------------+----+-----
Fighting       | 3 |  3.5
Maces & Flails | |  2.6
Throwing       | |  1.0
Dodging        | |  2.1
Spellcasting   | |  2.4
Translocations | |  2.6

Action                     || total
---------------------------++-------
  Melee: Mace              ||    55
         Headbutt          ||     6
         Punch             ||     1
  Throw: Dart              ||     1
 Armour: Robe              ||    53
  Dodge: Dodged            ||    34

Table legend: (Time is in decaauts)
 A = Elapsed time spent in this place.
 B = Non-inter-level travel time spent in this place.
 C = Inter-level travel time spent in this place.
 D = Time resting spent in this place.
 E = Time spent auto-exploring this place.
 F = Levels seen in this place.
 G = Mean time per level.
                   A        B        C        D        E       F      G
               +--------+--------+--------+--------+--------+-----+--------+
         Total |    405 |    392 |     13 |    118 |    155 |   2 |  202.5 |
       Dungeon |    405 |    392 |     13 |    118 |    155 |   2 |  202.5 |
               +--------+--------+--------+--------+--------+-----+--------+

Top non-repeatable levels by time:
     D:1: 389 daAuts
     D:2: 16 daAuts
